 Dungeon Crawl Stone Soup version 0.27.1-3-gb3d3a73c9e (webtiles) character file.

Game seed: 3160480187210137507

821 bearlyready the Cudgeller (level 7, -3/72 HPs)
             Began as an Ogre Hunter on Oct 27, 2021.
             Was an Initiate of Okawaru.
             Slain by a phantom (6 damage)
             ... on level 3 of the Dungeon.
             The game lasted 00:10:05 (7577 turns).

bearlyready the Cudgeller (Ogre Hunter)             Turns: 7577, Time: 00:10:06

Health: -3/72      AC:  4    Str: 16 (17) XL:     7   Next: 95%
Magic:  2/2        EV:  9    Int: 11 (14) God:    Okawaru [......]
Gold:   190        SH:  0    Dex:  8 (9)  Spells: 6/6 levels left

rFire    + . .     SeeInvis .   t - +2 mace (antimagic)
rCold    + . .     Faith    .   (no shield)
rNeg     . . .     Spirit   .   j - +0 animal skin
rPois    .         Reflect  .   (helmet restricted)
rElec    .         Harm     .   c - +0 cloak
rCorr    .         Rampage  .   (gloves unavailable)
Will     .....                  (boots unavailable)
Stlth    +.........             (no amulet)
HPRegen  0.22/turn              (no ring)
MPRegen  0.08/turn              (no ring)

@: mighty
A: large, unfitting armour, tough skin 1, clever 1, cold resistance 1, fire
resistance 1, weak 1
a: Renounce Religion


You were on level 3 of the Dungeon.
You worshipped Okawaru.
Okawaru was noncommittal.
You visited 1 branch of the dungeon, and saw 5 of its levels.

You collected 190 gold pieces.

Inventory:

Hand Weapons
 a - a +0 short sword
 b - a +0 club
 k - a +0 whip
 n - a +0 dagger of venom
 t - a +2 antimagic mace (weapon)
Missiles
 i - 171 stones (quivered)
Armour
 c - a +0 cloak (worn)
 j - a +0 animal skin (worn)
Jewellery
 g - an amulet of faith
Wands
 d - a wand of iceblast (12)
Scrolls
 e - a scroll of fog {unknown}
 f - 4 scrolls of identify {unknown}
 h - 4 scrolls of teleportation {unknown}
 l - 3 scrolls of immolation {unknown}
 m - a scroll of enchant weapon {unknown}
 o - 3 scrolls of noise {unknown}
 s - 2 scrolls of blinking {unknown}
 w - a scroll of silence {unknown}
Potions
 p - a potion of berserk rage {unknown}
 r - 2 potions of brilliance


   Skills:
 + Level 5.2 Fighting
 + Level 7.1 Maces & Flails
 - Level 4.0 Throwing
 - Level 1.7 Dodging
 - Level 0.6 Stealth
 + Level 0.0 Invocations


You had 6 spell levels left.
You didn't know any spells.
Your spell library contained the following spells:

 Spells                   Type           Power      Damage    Failure   Level
 Magic Dart               Conj           0%         1d3       34%         1
 Searing Ray              Conj           0%         3d3       47%         2
 Fulminant Prism          Conj/Hex       0%         3d6       98%         4


Dungeon Overview and Level Annotations

Branches:
Dungeon (5/15)
 Temple: D:4-7

Altars:
Okawaru
Vehumet

Annotations:
D:2 1 runed translucent door, Crazy Yiuf


Innate Abilities, Weirdness & Mutations

You are too large for most types of armour.
You have tough skin. (AC +1)
Your mind is acute. (Int +2)
Your flesh is cold resistant. (rC+)
Your flesh is heat resistant. (rF+)
You are weak. (Str -2)


Message History

The phantom hits you but does no damage.
You hit the phantom but do no damage.
The phantom is moderately damaged.
The phantom hits you.
* * * LOW HITPOINT WARNING * * *
You hit the phantom.
The phantom is heavily damaged.
The phantom hits you!
* * * LOW HITPOINT WARNING * * *
The phantom blinks!
You blink.
Okay, then.
Aiming: Iceblast
Press: ? - help, Shift-Dir - straight line The mass of ice explodes!
The iceblast engulfs the phantom!
The phantom partially resists.
The phantom is severely damaged.
The phantom hits you.
* * * LOW HITPOINT WARNING * * *
You miss the phantom.
The phantom is severely damaged.
The phantom hits you but does no damage.
It was a potion of curing.
You feel better. The phantom hits you.
* * * LOW HITPOINT WARNING * * *
The phantom blinks!
You blink.
It was a potion of might.
You feel very mighty all of a sudden. The phantom hits you.
* * * LOW HITPOINT WARNING * * *
The phantom blinks!
You blink.
It was a potion of degeneration.
There was something very wrong with that liquid.
You feel weakened.
You feel dopey.
You feel clumsy. The phantom hits you.
* * * LOW HITPOINT WARNING * * *
The phantom blinks!
You blink.
It was a potion of mutation.
You feel extremely strange.
You feel weaker.
You feel resistant to cold.
You feel clever.
You feel resistant to heat. The phantom hits you.
You die...

###........)# ##.#
#.#.####..####..###
#.#...............#
#.######..####.##.#
#.# #..####.##.# #.#
#..÷<...##.# #.#
##.###..##§# #.#
#.###..##.## #.#
#>#..W@..#.## #.##
#.#.#...###.## #..####
#.#.#.§## ##.#
#...#÷###≈≈≈#§..###.##
#.#≈......≈.#..#.#..#
#.#≈≈.#........##...#
#...≈≈..##....####.<#
###..≈##≈##.### #..#
###..##≈##.######..#


You could see a phantom.

Vanquished Creatures
  A necrophage (D:3)
  2 ogres
  A bullfrog (D:4)
  2 scorpions
  A howler monkey (D:4)
  A bullfrog zombie (D:5)
  A bullfrog skeleton (D:5)
  A hound (D:4)
  An iguana (D:4)
  2 orc wizards
  A hound skeleton (D:4)
  Robin (D:1)
  4 adders (D:4)
  An ufetubus (D:5)
  3 worms
  4 dart slugs
  13 orcs
  4 endoplasms
  4 giant cockroaches
  10 goblins
  8 hobgoblins
  4 jackals (D:4)
  4 quokkas
  7 ball pythons
  6 bats
  2 frilled lizards (D:1)
  5 kobolds
  6 rats
100 creatures vanquished.

Notes
Turn   | Place    | Note
-------+----------+-------------------------------------------
     0 | D:1      | bearlyready the Ogre Hunter began the quest for the Orb.
     0 | D:1      | Reached XP level 1. HP: 22/22 MP: 1/1
   343 | D:1      | Reached XP level 2. HP: 21/31 MP: 2/2
  1568 | D:2      | Reached XP level 3. HP: 40/40 MP: 3/3
  1644 | D:2      | Noticed Robin
  1951 | D:1      | Killed Robin
  1952 | D:1      | Reached skill level 5 in Fighting
  2639 | D:2      | Reached XP level 4. HP: 27/50 MP: 4/4
  2651 | D:2      | Reached skill level 1 in Maces & Flails
  3241 | D:2      | Found a runed translucent door.
  3242 | D:2      | Noticed Crazy Yiuf
  4202 | D:3      | Reached skill level 2 in Maces & Flails
  4437 | D:4      | Noticed a necrophage
  4456 | D:3      | Killed a necrophage
  4457 | D:3      | Reached skill level 3 in Maces & Flails
  4457 | D:3      | Reached XP level 5. HP: 25/57 MP: 1/5
  4708 | D:4      | Reached skill level 4 in Maces & Flails
  4708 | D:4      | Reached XP level 6. HP: 53/66 MP: 6/6
  5012 | D:4      | HP: 3/66 [ogre (20)]
  5023 | D:4      | Reached skill level 5 in Maces & Flails
  5444 | D:4      | Reached XP level 7. HP: 31/72 MP: 7/7
  6203 | D:4      | Reached skill level 6 in Maces & Flails
  6424 | D:5      | Entered Level 5 of the Dungeon
  6834 | D:5      | Found a radiant altar of Vehumet.
  7225 | D:5      | Found an iron altar of Okawaru.
  7244 | D:5      | Became a worshipper of Warmaster Okawaru
  7283 | D:5      | Reached skill level 7 in Maces & Flails
  7576 | D:3      | HP: 2/72 [phantom (5)]
  7577 | D:3      | Gained mutation: You are weak. (Str -2) [potion of
                  | mutation]
  7577 | D:3      | Gained mutation: Your flesh is cold resistant. (rC+)
                  | [potion of mutation]
  7577 | D:3      | Gained mutation: Your mind is acute. (Int +2) [potion of
                  | mutation]
  7577 | D:3      | Gained mutation: Your flesh is heat resistant. (rF+)
                  | [potion of mutation]
  7577 | D:3      | Slain by a phantom

Illustrated notes

Levels and vault maps discovered:
D:1:      minmay_arrival_four_loops, layout_basic
D:2:      minmay_door_path, layout_rooms, minmay_strange_pillars,
          bh_walls_and_bars, uniq_crazy_yiuf_cottage, uniq_robin
D:3:      wad_lake_hut, layout_loops_ring, minmay_fountain_box,
          chequers_serial_rivers_small_b
D:4:      layout_loops_ring, st_stairs_14
D:5:      layout_basic, mainiacjoe_overflow_brackets, lemuel_crystal_altar,
          grunt_decor_one_mirror, minmay_diced_spiral

Skill      XL: |  1  2  3  4  5  6  7 |
---------------+----------------------+-----
Fighting       | 3 4 5 |  5.2
Maces & Flails | 3 4 5 7 |  7.1
Throwing       | |  4.0
Dodging        | |  1.7
Stealth        | |  0.6

Action                   |  1- 3 |  4- 6 |  7- 9 || total
-------------------------+-------+-------+-------++-------
Melee: Short sword       |   138 |       |       ||   138
       Whip              |    15 |    37 |       ||    52
       Dagger            |       |    87 |   153 ||   240
       Mace              |       |    11 |    13 ||    24
Throw: Throwing net      |     2 |     3 |     1 ||     6
       Large rock        |       |       |     5 ||     5
Evoke: Wand              |       |       |     1 ||     1
  Use: Potion            |     1 |       |     4 ||     5
 Stab: Sleeping          |     1 |       |     1 ||     2
       Held in net/web   |       |     1 |       ||     1
Armor: Robe              |    59 |       |       ||    59
       Animal skin       |     8 |    22 |    38 ||    68
Dodge: Dodged            |    81 |    50 |    84 ||   215
